 Dungeon Crawl Stone Soup version 0.31.0-11-ge490571c62 (webtiles) character file.

Game seed: 7662550187547788507

42 mopl the Apothecary (level 3, -3/21 HPs)
             Began as an Octopode Alchemist on Feb 10, 2024.
             Killed by divine providence
             ... invoked by an orc priest
              (15 damage)
             ... on level 3 of the Dungeon.
             The game lasted 00:02:18 (1776 turns).

mopl the Apothecary (Octopode Alchemist)            Turns: 1776, Time: 00:02:19

Health: -3/21      AC:  1    Str:  7    XL:     3   Next: 54%
Magic:  3/6        EV: 13    Int: 19    God:
Gold:   90         SH:  0    Dex: 12    Spells: 6/7 levels left

rFire   . . .        b - +0 dagger (venom)
rCold   . . .        (no shield)
rNeg    . . .        (helmet restricted)
rPois   .            m - amulet of regeneration
rElec   .            (no ring)
rCorr   .            (no ring)
SInv    .            (no ring)
Will    .....        (no ring)
Stlth   +++          (no ring)
HPRegen 1.03/turn    (no ring)
MPRegen 0.10/turn    (no ring)
                     (no ring)

%: no passive effects
@: no status effects
A: almost no armour, amphibious, 8 rings, camouflage 1, gelatinous body 1,
(nimble swimmer 1), tentacles
a: no special abilities


You were on level 3 of the Dungeon.
You visited 1 branch of the dungeon, and saw 3 of its levels.

You collected 168 gold pieces.
You spent 78 gold pieces at shops.

Inventory:

Hand Weapons
 b - a +0 dagger of venom (weapon)
 p - a +2 short sword of speed
Missiles
 e - 7 poisoned darts
Jewellery
 m - an amulet of regeneration (around mantle)
Scrolls
 c - 4 scrolls of teleportation {unknown}
 d - 2 scrolls of enchant weapon {unknown}
 f - 2 scrolls of identify {unknown}
 g - a scroll of enchant armour {unknown}
 k - 5 scrolls of noise {unknown}
 n - 2 scrolls of fear {unknown}
 q - a scroll of blinking {unknown}
 r - a scroll of immolation {unknown}
Potions
 a - 3 potions of magic
 h - a potion of might {unknown}
 i - 3 potions of curing {unknown}
 j - a potion of resistance {unknown}
 l - 2 potions of heal wounds {unknown}
 o - a potion of ambrosia {unknown}
 s - a potion of berserk rage {unknown}


   Skills:
 - Level 2.0 Dodging
 - Level 2.6 Stealth
 + Level 2.6 Spellcasting
 + Level 2.0 Conjurations
 + Level 3.8 Alchemy


You had 6 spell levels left.
You knew the following spells:

 Your Spells              Type           Power      Damage    Failure   Level
a - Sting                 Conj/Alch      52%        1d6       4%          1

Your spell library contained the following spells:

 Spells                   Type           Power      Damage    Failure   Level
 Shock                    Conj/Air       24%        1d4       11%         1
 Mercury Vapours          Alch/Air       18%        N/A       11%         2
 Mephitic Cloud           Conj/Alch/Air  10%        N/A       22%         3
 Olgreb's Toxic Radiance  Alch           17%        N/A       32%         4
 Swiftness                Air            2%         N/A       43%         3
 Sticky Flame             Fire/Alch      9%         2d5       56%         4
 Airstrike                Air            1%         2d(1-17)  85%         4


Dungeon Overview and Level Annotations

Branches:
Dungeon (3/15)

Altars:
Dithmenos

Shops:
D:1 *


Innate Abilities, Weirdness & Mutations

You cannot wear most types of armour.
You are amphibious.
You can wear up to eight rings at the same time.
Your skin changes colour to match your surroundings (Stealth+).
Your rubbery body absorbs attacks. (AC +1, EV +1)
((You are camouflaged when in or above water. (Stealth+)))
You have tentacles for arms and can constrict up to eight enemies at once.


Message History

The bat closely misses you.
The sting hits the bat.
The bat is poisoned.
The bat is severely wounded.
You kill the bat!
Magic restored.
A rat comes into view.
Found a spear and a scale mail.
A rat is nearby!
The helpless rat fails to defend itself.
You puncture the rat!
You kill the rat!
No target in view!
You see here a rat corpse. 2 orc priests come into view.
There are monsters nearby!
The orc priest shouts!
You hear a shout!
The orc priest casts a cantrip, but nothing happens.
An orc comes into view. It is wielding a +0 mace.
The orc moves out of view.
An orc comes into view. It is wielding a +0 hand axe.
The sting hits the orc priest but does no damage.
The orc priest is poisoned.
The orc shouts!
The orc priest barely misses you.
The sting hits the orc priest.
The orc priest looks even sicker.
The orc priest is moderately wounded.
The orc priest hits you from afar with a +0 trident.
The sting hits the orc priest but does no damage.
The orc priest looks even sicker.
The orc priest is moderately wounded.
The orc priest invokes the aid of Beogh against you.
Beogh smites you!
Ouch! That really hurt!
You hear a shout!
The orc attacks as it pursues you! The orc closely misses you.
The orc priest looks encouraged for a moment.
The orc priest invokes the aid of Beogh against you.
Beogh smites you!
Ouch! That really hurt!
You die...

####..######
#..........#
#.##..####.#
#.##..# #.#
#.##..# #.#
#.##.### #.#
#.##...# #.#
#.##.#.# #.#
#.##.#@# #.#
#.##.#.# #.#
#.##.#o# #.#
##.###.##.#o###.#
[..).....†.......#
##..#######.o#####
# ######..#
.....o..#
######.!.....o#


You could see 2 orc priests and 2 orcs.

Vanquished Creatures
  A dart slug (D:2)
  3 bats
  7 endoplasms
  3 giant cockroaches (D:1)
  3 goblins (D:1)
  3 hobgoblins
  2 jackals (D:2)
  2 ball pythons
  3 frilled lizards
  4 kobolds (D:2)
  3 rats
34 creatures vanquished.

Notes
Turn   | Place    | Note
-------+----------+-------------------------------------------
     0 | D:1      | mopl the Octopode Alchemist began the quest for the Orb.
     0 | D:1      | Reached XP level 1. HP: 11/11 MP: 3/3
    80 | D:1      | Reached XP level 2. HP: 14/17 MP: 5/5
   721 | D:1      | Found Ziazxim's Assorted Antiques.
   729 | D:1      | Bought a scroll labelled ORPHOM BUTEE for 26 gold pieces
  1164 | D:2      | Reached XP level 3. HP: 21/21 MP: 2/6
  1239 | D:1      | Bought 2 scrolls labelled XANAN QOTZAPS for 52 gold pieces
  1495 | D:2      | Found a shadowy altar of Dithmenos.
  1776 | D:3      | Killed from afar by an orc priest

Illustrated notes

Levels and vault maps discovered:
D:1:      dpeg_arrival_radiant, layout_basic, serial_shops,
          nicolae_lakefront_shop, minmay_pentomino_o4
D:2:      minmay_spotlight, layout_loops_ring, basic_altar
D:3:      kennysheep_goblin_castle, layout_loops_ring, grunt_ministairs_12,
          uniq_crazy_yiuf_cottage, uniq_ijyb, uniq_jessica, uniq_grinder,
          uniq_robin

Skill      XL: |  1  2  3 |
---------------+----------+-----
Conjurations   | 2 |  2.0
Dodging        | |  2.0
Stealth        | |  2.6
Spellcasting   | |  2.6
Alchemy        | |  3.8

Action                     || total
---------------------------++-------
  Melee: Unarmed           ||     7
         Dagger            ||    24
         Tentacles         ||     8
         Constrict         ||     4
         Punch             ||     1
   Cast: Sting             ||    44
   Stab: Sleeping          ||     2
         Distracted        ||     1
 Armour: Skin              ||    16
  Dodge: Dodged            ||    22
